 Dungeon Crawl Stone Soup version 0.28.0-47-ge53b351184 (webtiles) character file.

Game seed: 9433801348780468022

3944 firemarshallily the Carver (level 10, 0/91 HPs)
             Began as a Minotaur Fighter on May 4, 2022.
             Was an Initiate of Yredelemnul.
             Slain by an orc warrior
             ... wielding a +0 glaive
              (17 damage)
             ... on level 8 of the Dungeon.
             The game lasted 00:19:16 (6316 turns).

firemarshallily the Carver (Minotaur Fighter)       Turns: 6316, Time: 00:19:17

Health: 0/91       AC:  9    Str: 25    XL:     10   Next: 1%
Magic:  9/9        EV:  9    Int:  5    God:    Yredelemnul [......]
Gold:   344        SH: 10    Dex: 16    Spells: 9/9 levels left

rFire   . . .      SeeInvis +   a - +1 long sword (freeze)
rCold   . . .      Faith    .   c - +0 buckler
rNeg    . . .      Spirit   .   b - +0 scale mail
rPois   .          Reflect  +   (helmet restricted)
rElec   .          Harm     .   (no cloak)
rCorr   .          Rampage  .   (no gloves)
Will    .....                   h - +0 pair of boots
Stlth   ..........              r - amulet of reflection
HPRegen 0.25/turn               q - ring of see invisible
MPRegen 0.11/turn               z - +6 ring of dexterity

@: no status effects
A: horns 2, retaliatory headbutt
a: Renounce Religion, Recall Undead Harvest


You were on level 8 of the Dungeon.
You worshipped Yredelemnul.
Yredelemnul was noncommittal.
You visited 1 branch of the dungeon, and saw 8 of its levels.

You collected 344 gold pieces.

Inventory:

Hand Weapons
 a - a +1 long sword of freezing (weapon)
Missiles
 e - 158 stones
 n - 10 poisoned darts
 B - 4 throwing nets
 C - 4 boomerangs (quivered)
Armour
 b - a +0 scale mail (worn)
 c - a +0 buckler (worn)
 h - a +0 pair of boots (worn)
 k - a +0 plate armour
Jewellery
 q - a ring of see invisible (left hand)
 r - an amulet of reflection (around neck)
 z - a +6 ring of dexterity (right hand)
Wands
 A - a wand of digging (6)
Scrolls
 g - a scroll of fog
 i - a scroll of magic mapping
 m - 4 scrolls of teleportation
 u - 3 scrolls of vulnerability {unknown}
 v - a scroll of noise {unknown}
 w - a scroll of summoning
 x - a scroll of amnesia
 y - 2 scrolls of torment {unknown}
Potions
 f - a potion of lignification
 l - a potion of degeneration {unknown}
 o - a potion of cancellation
 p - a potion of ambrosia {unknown}
 s - a potion of might
 t - 2 potions of haste


   Skills:
 + Level 9.4 Fighting
 * Level 12.3 Long Blades
 + Level 9.4 Armour
 - Level 3.6 Shields


You had 9 spell levels left.
You didn't know any spells.
Your spell library contained the following spells:

 Spells                   Type           Power      Damage    Failure   Level
 Magic Dart               Conj           0%         1d3       82%         1
 Call Imp                 Summ           0%         N/A       91%         2
 Call Canine Familiar     Summ           0%         N/A       99%         3
 Frozen Ramparts          Ice            0%         1d2       99%         3
 Mephitic Cloud           Conj/Pois/Air  0%         N/A       99%         3
 Portal Projectile        Hex/Tloc       0%         N/A       99%         3
 Ice Form                 Ice/Tmut       0%         N/A       100%        4
 Leda's Liquefaction      Hex/Erth       0%         N/A       100%        4
 Summon Ice Beast         Ice/Summ       0%         N/A       100%        4


Dungeon Overview and Level Annotations

Branches:
Dungeon (8/15)             Temple (0/1) D:6
   Lair: D:8-11

Altars:
Cheibriados
Dithmenos
Kikubaaqudgha
Nemelex Xobeh
Sif Muna
Wu Jian
Yredelemnul


Innate Abilities, Weirdness & Mutations

You have a pair of horns on your head.
You reflexively headbutt those who attack you in melee.


Message History

The wyvern is moderately wounded.
You block the orc's attack. The wyvern bites you!
* * * LOW HITPOINT WARNING * * *
The orc warrior hits you from afar with a +0 glaive!!
* * * LOW HITPOINT WARNING * * *
You feel much better. You block the wyvern's attack.
You block the orc's attack.
The orc warrior hits you from afar with a +0 glaive.
* * * LOW HITPOINT WARNING * * *
You feel much better.
The wyvern bites you but does no damage.
The orc hits you but does no damage. The wyvern misses you.
The orc warrior hits you from afar with a +0 glaive!
* * * LOW HITPOINT WARNING * * *
You barely miss the wyvern. You headbutt the wyvern.
The wyvern is heavily wounded.
The wyvern bites you.
* * * LOW HITPOINT WARNING * * *
The orc barely misses you.
The orc warrior hits you from afar with a +0 glaive!
* * * LOW HITPOINT WARNING * * *
You slash the orc! You freeze the orc.
You kill the orc!
A black mist starts to gather...
The wyvern closely misses you.
You feel much better. The wyvern bites you! You block the orc warrior's attack.
The wyvern bites you!
* * * LOW HITPOINT WARNING * * *
You hit the wyvern. You freeze the wyvern.
You headbutt the wyvern, but do no damage.
The wyvern is heavily wounded.
You block the orc warrior's attack.
Your orc zombie hits the wyvern but does no damage.
The wyvern bites your orc zombie.
You slash the wyvern! You freeze the wyvern.
You kill the wyvern!
The orc warrior barely misses you.
You have reached level 10!
The orc warrior hits you with a +0 glaive!
You die...
Your body rises from the dead as a mindless zombie.

... ... . ..
.. .. ..#
##. ...#
##.###..##
#..#.....##
#.Zo......#
#.@......##
#....#..##
......# .#
....#..... #
##..##.....#
.... #######
..#.. ....


You could see an orc warrior and a friendly orc zombie.

Vanquished Creatures
  Harold (D:7)
  Pikel (D:7)
  Sigmund (D:2)
  A wyvern (D:8)
  Duvessa (D:7)
  An orc warrior (D:7)
  3 black bears
  3 ogres
  2 necrophages (D:4)
  A lemure (D:7)
  A phantom (D:7)
  A water moccasin zombie (D:6)
  4 scorpions
  A water moccasin skeleton (D:4)
  4 bullfrog zombies (D:6)
  2 centaur zombies
  A bullfrog skeleton (D:5)
  2 jellies
  An orc priest (D:7)
  A centaur skeleton (D:7)
  A hound (D:5)
  An iguana (D:5)
  Natasha (thrice) (D:3)
  An orc wizard (D:4)
  A killer bee zombie (D:6)
  A hound zombie (D:5)
  7 gnolls
  10 adders
  A shadow imp (D:7)
  A white imp (D:5)
  3 ufetubi
  A worm (D:3)
  3 dart slugs
  18 orcs
  A ball python (D:3)
  3 bats
  3 endoplasms
  5 giant cockroaches
  5 goblins
  6 hobgoblins
  11 kobolds
  4 quokkas
  2 frilled lizards (D:1)
  5 rats
130 creatures vanquished.

Vanquished Creatures (collateral kills)
  A water moccasin (D:5)
  A black bear (D:5)
  A phantom (D:4)
  A lemure (D:7)
  Dowan (D:7)
  A centaur zombie (D:7)
  Jessica (D:2)
  An iguana (D:5)
  A hound skeleton (D:4)
  A howler monkey zombie (D:6)
  An adder (D:2)
  A worm (D:4)
  3 orcs
  2 endoplasms
  2 hobgoblins (D:4)
  A kobold (D:4)
  2 ball pythons
  A frilled lizard (D:1)
  A rat (D:1)
24 creatures vanquished.

Vanquished Creatures (others)
  A human zombie (D:7)
  An ogre zombie (D:7)
  An adder zombie (D:3)
  An elf zombie (D:7)
  2 gnoll zombies (D:4)
  5 orc zombies
11 creatures vanquished.

Grand Total: 165 creatures vanquished

Notes
Turn   | Place    | Note
-------+----------+-------------------------------------------
     0 | D:1      | firemarshallily the Minotaur Fighter began the quest for
                  | the Orb.
     0 | D:1      | Reached XP level 1. HP: 19/19 MP: 0/0
   238 | D:1      | Reached skill level 3 in Long Blades
   238 | D:1      | Reached XP level 2. HP: 23/27 MP: 1/1
   296 | D:1      | Found a faded altar of an unknown god.
   306 | D:1      | Prayed at the altar of an unknown god.
   306 | D:1      | Became a worshipper of Yredelemnul the Dark
   306 | D:1      | Reached * piety under Yredelemnul
   541 | D:1      | Reached ** piety under Yredelemnul
   896 | D:2      | Reached XP level 3. HP: 33/33 MP: 2/2
  1017 | D:2      | Noticed Sigmund
  1024 | D:2      | Killed Sigmund
  1025 | D:2      | Reached skill level 5 in Long Blades
  1025 | D:2      | Reached XP level 4. HP: 41/41 MP: 3/3
  1025 | D:2      | Reached XP level 5. HP: 47/47 MP: 4/4
  1057 | D:2      | Noticed Jessica
  1065 | D:2      | Killed Jessica
  1066 | D:2      | Reached skill level 5 in Fighting
  1151 | D:2      | Reached skill level 5 in Armour
  1695 | D:3      | Found a snail-covered altar of Cheibriados.
  1738 | D:3      | Reached XP level 6. HP: 43/56 MP: 5/5
  1903 | D:3      | Found a shadowy altar of Dithmenos.
  1903 | D:3      | Found an ancient bone altar of Kikubaaqudgha.
  1910 | D:3      | Found a faded altar of an unknown god.
  1912 | D:3      | Found a faded altar of an unknown god.
  1914 | D:3      | Found an ornate altar of the Wu Jian Council.
  2025 | D:3      | Noticed Natasha
  2037 | D:3      | Killed Natasha
  2115 | D:3      | Reached skill level 6 in Long Blades
  2394 | D:3      | Found a sparkling altar of Nemelex Xobeh.
  2438 | D:3      | Noticed Natasha
  2448 | D:3      | Killed Natasha
  2737 | D:3      | Noticed Natasha
  2744 | D:3      | Killed Natasha
  2873 | D:4      | Reached XP level 7. HP: 24/62 MP: 6/6
  2892 | D:4      | Reached skill level 7 in Long Blades
  3324 | D:4      | Reached *** piety under Yredelemnul
  3513 | D:5      | Entered Level 5 of the Dungeon
  3516 | D:5      | Reached skill level 8 in Long Blades
  3645 | D:5      | Reached XP level 8. HP: 67/71 MP: 7/7
  3781 | D:5      | You fall into a shaft and drop 2 floors!
  4294 | D:5      | Reached skill level 9 in Long Blades
  4582 | D:6      | Reached skill level 10 in Long Blades
  4693 | D:6      | Reached XP level 9. HP: 79/81 MP: 8/8
  4768 | D:6      | Found a basalt altar of Yredelemnul.
  5023 | D:6      | Found a staircase to the Ecumenical Temple.
  5233 | D:7      | Found a shimmering blue altar of Sif Muna.
  5319 | D:7      | Noticed Harold
  5335 | D:7      | Killed Harold
  5336 | D:7      | Reached skill level 11 in Long Blades
  5610 | D:7      | Noticed Dowan
  5611 | D:7      | Noticed Duvessa
  5615 | D:7      | Killed Dowan
  5628 | D:7      | Killed Duvessa
  5896 | D:7      | Noticed Pikel
  5905 | D:7      | Your ally Harold died
  5908 | D:7      | Your ally Dowan died
  5913 | D:7      | Killed Pikel
  5914 | D:7      | Reached skill level 12 in Long Blades
  6308 | D:8      | HP: 4/83 [orc warrior/+0 glaive (18)]
  6316 | D:8      | Reached XP level 10. HP: 17/91 MP: 9/9
  6316 | D:8      | Slain by an orc warrior

Illustrated notes

Levels and vault maps discovered:
D:1:      dpeg_arrival_leaves_temple_mockup, layout_basic,
          hellmonk_ecumenical_altar_run_dry
D:2:      layout_basic, uniq_jessica, uniq_sigmund
D:3:      layout_loops_ring, nemelex_dance_club_becter, general_overflow_altar,
          chequers_temple_overflow_minitemple, uniq_natasha
D:4:      layout_rooms
D:5:      layout_basic, kennysheep_generic_room_5
D:6:      layout_cave_pools, nicolae_yredelemnul_corpse_copse,
          minmay_temple_entry_statues
D:7:      layout_loops_corners, mainiacjoe_overflow_concentric_impassable,
          uniq_duvessa, uniq_pikel, uniq_harold
D:8:      layout_cave_pools, erik_lair_orcish_takeover,
          grunt_decor_mini_mirrors, eino_tiny_chamber, uniq_maggie

Skill      XL: |  1  2  3  4  5  6  7  8  9 |
---------------+----------------------------+-----
Long Blades    | 3 5 6 8 10 12 | 12.3
Fighting       | 4 5 6 7 9 |  9.4
Armour         | 4 5 6 7 9 |  9.4
Shields        | |  3.6

Action                   |  1- 3 |  4- 6 |  7- 9 | 10-12 || total
-------------------------+-------+-------+-------+-------++-------
Melee: Long sword        |    35 |   113 |   238 |       ||   386
       Headbutt          |     1 |    19 |    46 |       ||    66
Throw: Stone             |       |       |     4 |       ||     4
       Dart              |       |       |     3 |       ||     3
       Boomerang         |       |       |     3 |       ||     3
  Use: Scroll            |     1 |     6 |     3 |       ||    10
       Potion            |     1 |     3 |     3 |       ||     7
 Stab: Distracted        |       |     1 |     2 |       ||     3
Armor: Scale mail        |    18 |    49 |    68 |       ||   135
Dodge: Dodged            |    15 |    64 |    61 |       ||   140
Block: Buckler           |     4 |    32 |   102 |       ||   138
       Reflection        |       |       |     1 |       ||     1
